[ AOE2 MATCH · #506733220 ]
UnrankedFranks vs Berbers
Player's team · LOSS
Rival team · WIN
[ REPLAY ANALYSIS · EXTRACTED FROM THE RECORDED GAME ]
Feudal
9:43
Castle
17:05
Imperial
—
| APM avg | 57.5 |
| APM peak | 92 |
| eAPM avg | 26.2 |
| Villagers / military | 117 / 59 |
Focus
⚔️ 29.5% · 🌾 70.5%
Cavalry Archer ×26 · Archer ×16 · Skirmisher ×12 · Mangonel ×2 · Scout Cavalry ×2 · Monk ×1
Feudal
10:19
Castle
13:50
Imperial
33:39
| APM avg | 62.4 |
| APM peak | 102 |
| eAPM avg | 31.7 |
| Villagers / military | 162 / 64 |
Focus
⚔️ 28.6% · 🌾 71.4%
Knight ×42 · Camel Archer ×22
Match map
Initial resources + every placement click. Lines = walls · curves = elevation contours. ◆ gold · ⬟ stone · ● berries · ✦ relic · ◌ wall gap
Your base· ✓ Closed at 17:05 · 20t walls · 1 gate(s)
Young Carter's base· ✓ Closed at 13:50 · 26t walls · 1 gate(s)
Smoothed initial terrain · ◌ = detected wall gap · hover for details
Inputs per minute
— fangao - - Young Carter
Build order — fangao
First 150 of 306 actions detected
| 0:03 | Research | Loom |
| 0:04 | Queue | Villager (Male) |
| 0:04 | Queue | Villager (Male) |
| 0:06 | Build | House |
| 0:09 | Build | House |
| 0:20 | Queue | Villager (Male) |
| 0:20 | Queue | Villager (Male) |
| 0:20 | Queue | Villager (Male) |
| 1:20 | Queue | Villager (Male) |
| 1:20 | Queue | Villager (Male) |
| 1:22 | Build | Lumber Camp |
| 1:56 | Queue | Villager (Male) |
| 1:57 | Queue | Villager (Male) |
| 2:20 | Queue | Villager (Male) |
| 2:21 | Queue | Villager (Male) |
| 2:38 | Build | House |
| 2:48 | Queue | Villager (Male) |
| 2:48 | Queue | Villager (Male) |
| 3:01 | Queue | Villager (Male) |
| 3:06 | Build | Mill |
| 3:12 | Build | Mill |
| 3:30 | Queue | Villager (Male) |
| 3:46 | Queue | Villager (Male) |
| 3:46 | Queue | Villager (Male) |
| 4:19 | Queue | Villager (Male) |
| 4:21 | Build | House |
| 4:41 | Queue | Villager (Male) |
| 4:41 | Queue | Villager (Male) |
| 4:42 | Queue | Villager (Male) |
| 4:44 | Build | Mill |
| 4:53 | Build | Palisade Wall |
| 5:32 | Queue | Villager (Male) |
| 6:35 | Build | House |
| 6:42 | Queue | Villager (Male) |
| 6:58 | Queue | Villager (Male) |
| 7:25 | Research | Feudal Age |
| 8:19 | Build | Lumber Camp |
| 8:22 | Build | Barracks |
| 9:42 | Queue | Villager (Male) |
| 9:43 | Age | Feudal Age |
| 9:47 | Build | Stable |
| 9:47 | Research | Double-Bit Axe |
| 10:00 | Build | Farm |
| 10:08 | Queue | Villager (Male) |
| 10:12 | Build | Mining Camp |
| 10:27 | Queue | Scout Cavalry |
| 10:29 | Build | House |
| 10:29 | Queue | Villager (Male) |
| 10:39 | Build | Palisade Wall |
| 10:42 | Build | Palisade Wall |
| 10:48 | Queue | Villager (Male) |
| 10:50 | Build | Farm |
| 10:54 | Build | House |
| 10:56 | Build | House |
| 11:01 | Queue | Scout Cavalry |
| 11:16 | Build | Palisade Wall |
| 11:17 | Queue | Villager (Male) |
| 11:33 | Build | Farm |
| 11:34 | Queue | Villager (Male) |
| 11:49 | Build | Archery Range |
| 11:51 | Queue | Villager (Male) |
| 12:05 | Build | Palisade Wall |
| 12:13 | Queue | Villager (Male) |
| 12:17 | Build | Farm |
| 12:27 | Queue | Villager (Male) |
| 12:34 | Queue | Archer |
| 12:35 | Build | House |
| 13:05 | Build | Archery Range |
| 13:12 | Build | House |
| 13:19 | Queue | Villager (Male) |
| 13:25 | Queue | Archer |
| 13:32 | Build | Farm |
| 13:41 | Build | Palisade Wall |
| 13:49 | Queue | Villager (Male) |
| 13:56 | Queue | Archer |
| 13:57 | Build | Palisade Wall |
| 13:59 | Build | Palisade Wall |
| 14:11 | Build | Farm |
| 14:25 | Research | Castle Age |
| 14:38 | Build | Blacksmith |
| 14:42 | Build | House |
| 14:45 | Queue | Archer |
| 14:45 | Queue | Archer |
| 14:48 | Build | Farm |
| 15:05 | Queue | Archer |
| 15:13 | Build | House |
| 15:15 | Build | Palisade Wall |
| 15:19 | Queue | Archer |
| 15:19 | Queue | Archer |
| 15:25 | Build | House |
| 15:40 | Queue | Archer |
| 15:40 | Queue | Archer |
| 15:43 | Research | Gold Mining |
| 15:43 | Research | Gold Mining |
| 15:46 | Build | House |
| 16:09 | Build | House |
| 16:11 | Build | Farm |
| 16:32 | Queue | Archer |
| 16:37 | Research | Fletching |
| 16:37 | Research | Fletching |
| 16:45 | Build | Palisade Gate |
| 17:05 | Age | Castle Age |
| 17:08 | Research | Bodkin Arrow |
| 17:25 | Build | Town Center |
| 17:50 | Queue | Villager (Male) |
| 18:08 | Build | Town Center |
| 18:08 | Queue | Villager (Male) |
| 18:29 | Queue | Archer |
| 18:42 | Build | Farm |
| 18:43 | Queue | Archer |
| 18:44 | Research | Crossbowman (upgrade) |
| 18:44 | Research | Crossbowman (upgrade) |
| 18:47 | Build | Farm |
| 18:59 | Queue | Villager (Male) |
| 19:04 | Build | Farm |
| 19:14 | Queue | Archer |
| 19:29 | Queue | Archer |
| 19:32 | Build | Farm |
| 19:32 | Queue | Villager (Male) |
| 19:34 | Queue | Villager (Male) |
| 19:35 | Queue | Villager (Male) |
| 19:46 | Queue | Villager (Male) |
| 19:57 | Build | Siege Workshop |
| 19:59 | Queue | Villager (Male) |
| 20:00 | Queue | Archer |
| 20:17 | Queue | Villager (Male) |
| 20:27 | Queue | Villager (Male) |
| 20:29 | Build | Farm |
| 20:37 | Queue | Villager (Male) |
| 20:49 | Build | Farm |
| 20:53 | Build | Farm |
| 20:55 | Build | Farm |
| 20:56 | Queue | Villager (Male) |
| 21:02 | Queue | Villager (Male) |
| 21:24 | Queue | Villager (Male) |
| 21:27 | Queue | Mangonel |
| 21:28 | Build | House |
| 21:29 | Queue | Villager (Male) |
| 21:41 | Queue | Villager (Male) |
| 21:41 | Queue | Villager (Male) |
| 21:48 | Queue | Villager (Male) |
| 21:49 | Queue | Mangonel |
| 21:59 | Build | Farm |
| 22:02 | Queue | Villager (Male) |
| 22:02 | Queue | Villager (Male) |
| 22:02 | Queue | Villager (Male) |
| 22:08 | Build | House |
| 22:12 | Build | Monastery |
| 22:27 | Queue | Villager (Male) |
| 22:53 | Queue | Villager (Male) |
Build order — Young Carter
First 150 of 385 actions detected
| 0:01 | Queue | Villager (Male) |
| 0:01 | Queue | Villager (Male) |
| 0:01 | Queue | Villager (Male) |
| 0:02 | Queue | Villager (Male) |
| 0:03 | Build | House |
| 0:05 | Research | Loom |
| 0:07 | Build | House |
| 0:22 | Queue | Villager (Male) |
| 0:22 | Queue | Villager (Male) |
| 0:25 | Queue | Villager (Male) |
| 0:26 | Queue | Villager (Male) |
| 0:26 | Queue | Villager (Male) |
| 0:34 | Build | House |
| 1:22 | Queue | Villager (Male) |
| 1:22 | Queue | Villager (Male) |
| 1:26 | Build | Lumber Camp |
| 1:54 | Queue | Villager (Male) |
| 1:55 | Queue | Villager (Male) |
| 2:57 | Build | Mill |
| 3:11 | Queue | Villager (Male) |
| 3:43 | Queue | Villager (Male) |
| 3:43 | Queue | Villager (Male) |
| 4:06 | Queue | Villager (Male) |
| 4:06 | Queue | Villager (Male) |
| 4:06 | Queue | Villager (Male) |
| 4:31 | Queue | Villager (Male) |
| 4:51 | Queue | Villager (Male) |
| 4:51 | Queue | Villager (Male) |
| 4:54 | Build | House |
| 5:09 | Build | Palisade Wall |
| 5:09 | Build | Palisade Wall |
| 5:10 | Build | Palisade Wall |
| 5:11 | Build | Palisade Wall |
| 5:11 | Build | Palisade Wall |
| 5:29 | Build | Palisade Wall |
| 5:30 | Build | Palisade Wall |
| 5:31 | Build | Palisade Wall |
| 5:32 | Build | Palisade Wall |
| 5:50 | Build | Mill |
| 6:27 | Build | Mining Camp |
| 6:29 | Queue | Villager (Male) |
| 6:30 | Queue | Villager (Male) |
| 7:15 | Build | House |
| 7:16 | Queue | Villager (Male) |
| 7:41 | Queue | Villager (Male) |
| 8:06 | Research | Feudal Age |
| 8:12 | Build | Farm |
| 9:40 | Queue | Villager (Male) |
| 9:42 | Queue | Villager (Male) |
| 9:55 | Queue | Villager (Male) |
| 10:19 | Age | Feudal Age |
| 10:19 | Queue | Villager (Male) |
| 10:22 | Build | Market |
| 10:24 | Build | Blacksmith |
| 10:42 | Build | Palisade Gate |
| 10:43 | Build | Palisade Wall |
| 10:47 | Build | Palisade Wall |
| 10:55 | Build | Palisade Wall |
| 11:10 | Research | Castle Age |
| 11:13 | Build | Palisade Wall |
| 11:14 | Build | Palisade Wall |
| 11:17 | Build | Palisade Wall |
| 11:19 | Build | Palisade Wall |
| 11:48 | Build | House |
| 11:55 | Research | Double-Bit Axe |
| 11:55 | Research | Double-Bit Axe |
| 12:59 | Queue | Villager (Male) |
| 13:01 | Research | Horse Collar |
| 13:26 | Build | Barracks |
| 13:50 | Age | Castle Age |
| 13:56 | Build | Town Center |
| 14:03 | Build | House |
| 14:09 | Queue | Villager (Male) |
| 14:09 | Research | Bow Saw |
| 14:24 | Build | Farm |
| 14:35 | Build | House |
| 14:38 | Build | House |
| 14:44 | Queue | Villager (Male) |
| 14:45 | Queue | Villager (Male) |
| 14:46 | Queue | Villager (Male) |
| 14:54 | Build | Farm |
| 14:54 | Research | Horse Collar |
| 15:02 | Research | Horse Collar |
| 15:03 | Queue | Villager (Male) |
| 15:12 | Queue | Villager (Male) |
| 15:20 | Queue | Villager (Male) |
| 15:28 | Queue | Villager (Male) |
| 15:30 | Queue | Villager (Male) |
| 15:36 | Build | House |
| 15:43 | Build | Palisade Wall |
| 15:48 | Queue | Villager (Male) |
| 15:50 | Build | Stable |
| 15:52 | Build | Stable |
| 15:53 | Queue | Villager (Male) |
| 15:53 | Queue | Villager (Male) |
| 15:55 | Build | Farm |
| 15:57 | Build | Farm |
| 16:07 | Build | Farm |
| 16:09 | Build | Farm |
| 16:16 | Queue | Villager (Male) |
| 16:21 | Queue | Villager (Male) |
| 16:31 | Build | Farm |
| 16:34 | Build | Farm |
| 16:36 | Queue | Villager (Male) |
| 16:39 | Build | Farm |
| 16:48 | Build | Farm |
| 16:51 | Queue | Villager (Male) |
| 16:52 | Build | Farm |
| 16:54 | Build | Farm |
| 17:05 | Build | Farm |
| 17:10 | Build | House |
| 17:12 | Build | House |
| 17:16 | Build | Palisade Wall |
| 17:18 | Build | House |
| 17:21 | Build | Palisade Wall |
| 17:22 | Build | Palisade Wall |
| 17:23 | Queue | Villager (Male) |
| 17:24 | Build | Farm |
| 17:24 | Queue | Villager (Male) |
| 17:30 | Queue | Knight |
| 17:40 | Build | House |
| 17:43 | Build | Farm |
| 17:44 | Build | Farm |
| 17:48 | Queue | Villager (Male) |
| 17:48 | Queue | Villager (Male) |
| 17:55 | Build | House |
| 17:56 | Queue | Villager (Male) |
| 17:57 | Queue | Villager (Male) |
| 18:06 | Build | Stable |
| 18:11 | Research | Bloodlines |
| 18:18 | Queue | Villager (Male) |
| 18:18 | Queue | Villager (Male) |
| 18:25 | Build | House |
| 18:27 | Build | House |
| 18:30 | Build | House |
| 18:35 | Queue | Villager (Male) |
| 18:39 | Build | House |
| 18:45 | Build | Farm |
| 18:47 | Build | Farm |
| 18:47 | Queue | Villager (Male) |
| 18:52 | Build | Farm |
| 18:58 | Queue | Villager (Male) |
| 19:06 | Build | Farm |
| 19:09 | Build | Farm |
| 19:10 | Queue | Villager (Male) |
| 19:10 | Queue | Villager (Male) |
| 19:13 | Build | Farm |
| 19:13 | Build | Farm |
| 19:18 | Queue | Knight |
| 19:19 | Queue | Knight |
Match timeline
| 4:53 | fangao · wall_segment Palisade Wall x7 |
| 5:09 | Young Carter · wall_segment Palisade Wall x1 |
| 5:09 | Young Carter · wall_segment Palisade Wall x1 |
| 5:10 | Young Carter · wall_segment Palisade Wall x1 |
| 5:11 | Young Carter · wall_segment Palisade Wall x1 |
| 5:11 | Young Carter · wall_segment Palisade Wall x1 |
| 5:29 | Young Carter · wall_segment Palisade Wall x3 |
| 5:30 | Young Carter · wall_segment Palisade Wall x1 |
| 5:31 | Young Carter · wall_segment Palisade Wall x1 |
| 5:32 | Young Carter · wall_segment Palisade Wall x6 |
| 8:22 | fangao · first_building Barracks |
| 9:43 | fangao · age_up feudal |
| 9:47 | fangao · first_building Stable |
| 10:19 | Young Carter · age_up feudal |
| 10:39 | fangao · wall_segment Palisade Wall x1 |
| 10:42 | fangao · wall_segment Palisade Wall x4 |
| 10:43 | Young Carter · wall_segment Palisade Wall x1 |
| 10:47 | Young Carter · wall_segment Palisade Wall x1 |
| 10:55 | Young Carter · wall_segment Palisade Wall x4 |
| 11:13 | Young Carter · wall_segment Palisade Wall x1 |
| 11:14 | Young Carter · wall_segment Palisade Wall x1 |
| 11:16 | fangao · wall_segment Palisade Wall x1 |
| 11:17 | Young Carter · wall_segment Palisade Wall x1 |
| 11:19 | Young Carter · wall_segment Palisade Wall x1 |
| 11:49 | fangao · first_building Archery Range |
| 12:05 | fangao · wall_segment Palisade Wall x3 |
| 12:54 | Young Carter · first_market_sell 100 stone |
| 13:26 | Young Carter · first_building Barracks |
| 13:34 | Young Carter · first_market_buy 100 wood |
| 13:41 | fangao · wall_segment Palisade Wall x1 |
| 13:50 | Young Carter · age_up castle |
| 13:57 | fangao · wall_segment Palisade Wall x1 |
| 13:59 | fangao · wall_segment Palisade Wall x1 |
| 15:15 | fangao · wall_segment Palisade Wall x1 |
| 15:43 | Young Carter · wall_segment Palisade Wall x1 |
| 15:50 | Young Carter · first_building Stable |
| 17:05 | fangao · age_up castle |
| 17:16 | Young Carter · wall_segment Palisade Wall x1 |
| 17:21 | Young Carter · wall_segment Palisade Wall x1 |
| 17:22 | Young Carter · wall_segment Palisade Wall x1 |
| 19:57 | fangao · first_building Siege Workshop |
| 22:12 | fangao · first_building Monastery |
| 26:02 | Young Carter · first_building Castle |
| 26:04 | fangao · wall_segment Palisade Wall x1 |
| 28:50 | Young Carter · wall_segment Stone Wall x9 |
| 31:47 | Young Carter · first_building Archery Range |
| 31:50 | fangao · wall_segment Palisade Wall x1 |
| 32:55 | Young Carter · first_building Monastery |
| 33:39 | Young Carter · age_up imperial |
| 33:57 | fangao · resign |
[ AI ANALYSIS · 1 CREDIT ]
What really happened in this match?
Wolo.gg analyzes every decision: build order, eco, micro, common mistakes by bracket. Personalized analysis on WhatsApp or Discord in 30 seconds.
Civ guide
Franks
Perfil
Jugador #11648776